 Dungeon Crawl Stone Soup version 0.30-a0-457-g4b7bca3bfa (webtiles) character file.

Game seed: 12729852144796841326

19947 funkygono the Thaumaturge (level 12, 0/80 HPs)
             Began as a Demonspawn Fire Elementalist on Dec 12, 2022.
             Was a Believer of Vehumet.
             Slain by a skeletal warrior
             ... wielding a +0 halberd
              (8 damage)
             ... on level 12 of the Dungeon.
             The game lasted 00:26:54 (10118 turns).

funkygono the Thaumaturge (DsFE)                   Turns: 10118, Time: 00:26:55

Health: 0/80       AC: 15    Str:  9    XL:     12   Next: 41%
Magic:  0/27       EV: 13    Int: 25    God:    Vehumet [**....]
Gold:   1534       SH:  0    Dex: 14    Spells: 22/34 levels left

rFire   . . .      SeeInvis .    y - +6 dagger "Houdirao" {drain, *Corrode Fly rN+++ Int+4}
rCold   . . .      Faith    .    (no shield)
rNeg    + + +      Spirit   +    A - +3 leather armour {rPois}
rPois   +          Reflect  .    (helmet unavailable)
rElec   .          Harm     .    (no cloak)
rCorr   +          Rampage  .    S - +0 pair of gloves
Will    .....                    p - +1 pair of boots "Tuijeoho" {Regen+ rCorr}
Stlth   ++........               I - amulet of regeneration
HPRegen 1.93/turn                x - ring of flight
MPRegen 0.40/turn                (no ring)

@: sanguine armoured, flying, slowed, very slow
A: horns 3, powered by death 1, magic shield, magic regeneration, magic link,
sanguine armour 1
a: Renounce Religion


You were on level 12 of the Dungeon.
You worshipped Vehumet.
Vehumet was pleased with you.
You visited 2 branches of the dungeon, and saw 13 of its levels.
You also visited: Bailey.

You collected 1534 gold pieces.

Inventory:

Hand Weapons
 b - a +1 vampiric whip
 m - a +2 dagger of speed
 n - a +0 whip
 o - a +0 mace
 q - a +3 dagger
 u - a +2 dagger of venom
 y - the +6 dagger "Houdirao" (weapon) {drain, *Corrode Fly rN+++ Int+4}
   (You found it on level 4 of the Dungeon)

   A truly terrible weapon, it drains the life of any living foe it strikes.
   Int:       It affects your intelligence (+4).
   rN:        It renders you almost immune to negative energy.
   Fly:       It grants you flight.
   *Corrode:  It may corrode you when you take damage.
 E - a +2 scimitar
 K - the +8 long sword of Circularity {vorpal, rPois}
   (You found it on level 10 of the Dungeon)

   It inflicts extra damage upon your enemies.
   rPois:     It protects you from poison.
 L - a +2 dagger of draining
Missiles
 N - 2 throwing nets
Armour
 a - a +0 robe
 p - the +1 pair of boots "Tuijeoho" (worn) {Regen+ rCorr}
   (You found it on level 2 of the Dungeon)

   Regen:     It increases your rate of health regeneration.
   rCorr:     It protects you from acid and corrosion.
 A - a +3 leather armour of poison resistance (worn)
 H - the +1 robe "Ripygh" {Regen+ Dex+2}
   (You found it on level 10 of the Dungeon)

   Dex:       It affects your dexterity (+2).
   Regen:     It increases your rate of health regeneration.
 M - a +2 robe of resistance
 Q - +0 acid dragon scales
 S - a +0 pair of gloves (worn)
Jewellery
 s - an amulet of reflection
 x - a ring of flight (left hand)
 I - an amulet of regeneration (around neck)
Wands
 d - a wand of light (4)
 f - a wand of roots (2)
 w - a wand of flame (56)
 C - a wand of polymorph (25)
 P - a wand of paralysis (5)
 R - a wand of mindburst (7)
Scrolls
 g - 10 scrolls of teleportation
 i - 2 scrolls of magic mapping
 r - 2 scrolls of enchant weapon
 t - 2 scrolls of blinking
 v - a scroll of vulnerability
 F - 3 scrolls of identify
 O - a scroll of fog
Potions
 c - 2 potions of might
 e - a potion of berserk rage
 h - 2 potions of heal wounds
 j - 5 potions of curing
 k - a potion of ambrosia
 l - a potion of brilliance
 z - 2 potions of attraction
 B - 3 potions of mutation
 D - 8 potions of flight
 J - a potion of lignification
Miscellaneous
 G - a phial of floods


   Skills:
 + Level 2.5 Fighting
 + Level 2.3 Short Blades
 + Level 3.8 Armour
 + Level 4.1 Dodging
 - Level 1.7 Stealth
 + Level 2.0 Shields
 + Level 11.8 Spellcasting
 + Level 8.5 Conjurations
 + Level 11.3 Fire Magic
 + Level 1.6 Evocations


You had 22 spell levels left.
You knew the following spells:

 Your Spells              Type           Power      Damage    Failure   Level
a - Foxfire               Conj/Fire      100%       2x1d9     1%          1
b - Scorch                Fire           100%       2d10      1%          2
c - Kindle Blastsparks    Fire/Tloc/Air  66%        2d15      3%          3
d - Flame Wave            Conj/Fire      59%        2d14      1%          4
e - Searing Ray           Conj           100%       2d8       1%          2

Your spell library contained the following spells:

 Spells                   Type           Power      Damage    Failure   Level
 Kiss of Death            Conj/Necr      100%       2d13      1%          1
 Magic Dart               Conj           100%       1d8       1%          1
 Inner Flame              Hex/Fire       43%        N/A       1%          3
 Sticky Flame             Conj/Fire      59%        2d7       1%          4
 Apportation              Tloc           28%        N/A       5%          1
 Necrotise                Necr           56%        1d6       5%          1
 Sandblast                Erth           28%        2d8       5%          1
 Slow                     Hex            56%        N/A       5%          1
 Summon Small Mammal      Summ           56%        N/A       5%          1
 Mephitic Cloud           Conj/Pois/Air  29%        N/A       5%          3
 Blink                    Tloc           28%        N/A       9%          2
 Cigotuvi's Dreadful Rot  Necr/Pois/Air  28%        N/A       9%          2
 Passwall                 Tmut/Erth      11%        N/A       9%          2
 Poisonous Vapours        Pois/Air       28%        N/A       9%          2
 Fulminant Prism          Conj/Hex       18%        3d10      10%         4
 Call Canine Familiar     Summ           14%        N/A       17%         3
 Confusing Touch          Hex            14%        N/A       17%         3
 Gell's Gravitas          Tloc           14%        N/A       17%         3
 Lesser Beckoning         Tloc           28%        N/A       17%         3
 Ozocubu's Armour         Ice            14%        N/A       17%         3
 Summon Guardian Golem    Hex/Summ       14%        N/A       17%         3
 Teleport Other           Tloc           14%        N/A       17%         3
 Vampiric Draining        Necr           14%        2d7       17%         3
 Manifold Assault         Tloc           14%        N/A       50%         4
 Petrify                  Tmut/Erth      14%        N/A       50%         4
 Blade Hands              Tmut           7%         N/A       83%         5
 Metabolic Englaciation   Hex/Ice        7%         N/A       83%         5
 Eringya's Noxious Bog    Tmut/Pois      7%         N/A       100%        6
 Simulacrum               Ice/Necr       7%         N/A       100%        6
 Storm Form               Tmut/Air       7%         N/A       100%        7


Dungeon Overview and Level Annotations

Branches:
Dungeon (12/15)            Temple (1/1) D:6            Lair (0/5) D:10
 Bailey (visited)
    Orc: D:9-12

Altars:
Ashenzari
Cheibriados
Dithmenos
Fedhas
Gozag
Hepliaklqana
Kikubaaqudgha
Makhleb
Nemelex Xobeh
Okawaru
Qazlal
Ru
Sif Muna
Trog
Uskayaw
Vehumet
Wu Jian
Xom
Yredelemnul

Shops:
D:5 ?


Innate Abilities, Weirdness & Mutations

You have a pair of large horns on your head.
You regenerate a little health from kills.
When hurt, damage is shared between your health and your magic reserves.
You regenerate magic rapidly.
When low on magic, you restore magic in place of health.
When seriously injured, your blood forms armour. (AC +6)


Message History

The skeletal warrior barely misses you. The wraith barely misses you.
The skeletal warrior completely misses you.
Casting: Flame Wave (mildly dangerous; 1% risk of failure)
Confirm with . or Enter, or press ? or * to list all spells.
Casting: Flame Wave (mildly dangerous; 1% risk of failure)
Press: ? - help, Dir - look around, f - activate A wave of flame ripples out!
The flame wave engulfs the wraith!
The wraith is severely damaged. (Press . to intensify the flame waves.)
The wraith hits you.
The skeletal warrior hits you from afar with a +0 halberd.
A wave of flame ripples out!
The flame wave engulfs the wraith.
The wraith is almost destroyed.
The flame wave engulfs the skeletal warrior but does no damage.
The skeletal warrior is lightly damaged.
The flame wave engulfs the skeletal warrior.
The skeletal warrior is lightly damaged.
The flame wave engulfs the skeletal warrior but does no damage.
The wraith barely misses you.
The skeletal warrior hits you from afar with a +0 halberd!
* * * LOW HITPOINT WARNING * * *
The wraith hits you.
* * * LOW HITPOINT WARNING * * *
The wraith drains your vigour!
You feel as though you will be slow longer.
The skeletal warrior hits you from afar with a +0 halberd!!
* * * LOW HITPOINT WARNING * * *
Unknown command.
A wave of flame ripples out!
The flame wave engulfs the wraith.
The wraith is almost destroyed.
The flame wave engulfs the skeletal warrior!!
The skeletal warrior is moderately damaged.
The flame wave engulfs the skeletal warrior!
The skeletal warrior is moderately damaged.
The flame wave engulfs the skeletal warrior but does no damage.
The flame wave engulfs the skeletal warrior.
The skeletal warrior is lightly damaged.
You finish channelling waves of flame.
The wraith misses you.
The skeletal warrior hits you from afar with a +0 halberd!
You die...

### #.## ..# #.## #.#
#... ##+# #.# #..# #...#
... #..# .....# ### #^#
#..# ......# ##.###.#
#.†)
......z####...##.######.#
.....zzW@................
......z####.........###.#
......# ##........# ...
.....# ##.......# #.#
#...# #.......# #.. ##'#
#.......# ### #.
#.......# # ###.##### #.


You could see 4 skeletal warriors and a wraith.

Vanquished Creatures
  Josephine (D:10)
  A boulder beetle (D:11)
  A two-headed ogre (D:10)
  3 death yaks (D:10)
  Pikel (D:6)
  An orc knight (Bailey)
  3 manticores
  3 kobold demonologists
  An unseen horror (D:10)
  A komodo dragon (D:11)
  4 trolls
  Grinder (D:6)
  A hornet (D:10)
  2 shadows (D:11)
  Sigmund (D:3)
  2 wyverns
  4 wraiths (D:10)
  A basilisk (D:12)
  34 yaks
  6 vampire mosquitoes
  Menkaure (D:6)
  An acid dragon (D:11)
  Duvessa (D:4)
  2 ice beasts
  11 orc warriors
  A black bear (D:5)
  5 ogres
  5 centaurs
  2 lemures (D:6)
  A kobold brigand (D:12)
  5 bullfrogs
  3 scorpions
  6 wights
  Dowan (D:4)
  7 killer bees (D:9)
  2 howler monkeys (D:11)
  4 hounds
  A jelly (D:5)
  9 orc priests
  A gnoll bouda (D:9)
  3 iguanas (D:6)
  An iron imp (D:8)
  9 orc wizards
  Ijyb (D:5)
  Robin (D:3)
  4 gnolls
  6 adders
  A shadow imp (D:6)
  A white imp (D:6)
  An ufetubus (D:6)
  A worm (D:3)
  A dart slug (D:2)
  43 orcs
  5 bats
  9 endoplasms
  2 giant cockroaches
  22 goblins
  6 hobgoblins
  3 jackals (D:1)
  23 kobolds
  A quokka (D:1)
  2 training dummies (D:4)
  11 ball pythons
  6 frilled lizards
  7 rats
311 creatures vanquished.

Vanquished Creatures (collateral kills)
  3 foxfires
3 creatures vanquished.

Vanquished Creatures (others)
  899 foxfires
899 creatures vanquished.

Grand Total: 1213 creatures vanquished

Notes
Turn   | Place    | Note
-------+----------+-------------------------------------------
     0 | D:1      | funkygono the Demonspawn Fire Elementalist began the quest
                  | for the Orb.
     0 | D:1      | Reached XP level 1. HP: 13/13 MP: 3/3
   234 | D:1      | Gained mutation: You have a pair of small horns on your
                  | head. [demonic ancestry]
   234 | D:1      | Reached XP level 2. HP: 19/19 MP: 3/5
   279 | D:1      | Learned a level 2 spell: Scorch
  1122 | D:2      | Identified the +1 pair of boots "Tuijeoho" {Regen+ rCorr}
  1405 | D:2      | Gained mutation: You have a pair of horns on your head.
                  | [demonic ancestry]
  1405 | D:2      | Reached XP level 3. HP: 24/24 MP: 4/6
  2033 | D:2      | Learned a level 3 spell: Kindle Blastsparks
  2245 | D:3      | Noticed Sigmund
  2257 | D:3      | Killed Sigmund
  2258 | D:3      | Gained mutation: You regenerate a little health from kills.
                  | [demonic ancestry]
  2258 | D:3      | Reached XP level 4. HP: 17/30 MP: 5/9
  2258 | D:3      | Reached XP level 5. HP: 20/35 MP: 5/10
  2645 | D:3      | Noticed Robin
  2667 | D:3      | Killed Robin
  2687 | D:3      | Gained mutation: You regenerate magic rapidly. [demonic
                  | ancestry]
  2687 | D:3      | Reached XP level 6. HP: 41/41 MP: 2/11
  3332 | D:4      | Identified the +6 dagger "Houdirao" {drain, *Corrode Fly
                  | rN+++ Int+4}
  3667 | D:4      | Noticed Duvessa
  3667 | D:4      | Noticed Dowan
  3671 | D:4      | Killed Dowan
  3682 | D:4      | Killed Duvessa
  3683 | D:4      | Reached skill level 5 in Fire Magic
  3769 | D:5      | Entered Level 5 of the Dungeon
  3769 | D:5      | Noticed Ijyb
  3779 | D:5      | Reached XP level 7. HP: 44/46 MP: 2/13
  3783 | D:5      | Killed Ijyb
  3847 | D:5      | Learned a level 4 spell: Flame Wave
  3978 | D:5      | Reached skill level 5 in Spellcasting
  3989 | D:5      | Found a sparkling altar of Nemelex Xobeh.
  4226 | D:5      | Found Ylaxt's Magic Scroll Boutique.
  4483 | D:6      | Noticed Grinder
  4489 | D:6      | Noticed a troll
  4490 | D:6      | Killed Grinder
  4491 | D:6      | Gained mutation: When hurt, damage is shared between your
                  | health and your magic reserves. [demonic ancestry]
  4491 | D:6      | Reached XP level 8. HP: 53/53 MP: 10/16
  4499 | D:6      | Killed a troll
  4591 | D:6      | Noticed Menkaure
  4596 | D:6      | Killed Menkaure
  4691 | D:6      | Reached skill level 1 in Armour
  4715 | D:6      | Noticed Pikel
  4755 | D:6      | Killed Pikel
  4756 | D:6      | Reached skill level 1 in Short Blades
  4756 | D:6      | Reached skill level 1 in Shields
  4756 | D:6      | Gained mutation: When low on magic, you restore magic in
                  | place of health. [demonic ancestry]
  4756 | D:6      | Reached XP level 9. HP: 58/58 MP: 1/19
  4894 | D:6      | Got Sif Muna's Encyclopedia of Sandy Forms
  4983 | D:6      | Found a shadowy altar of Dithmenos.
  5218 | D:6      | Reached skill level 1 in Fighting
  5218 | D:6      | Reached skill level 5 in Conjurations
  5367 | D:6      | Found a staircase to the Ecumenical Temple.
  5374 | Temple   | Entered the Ecumenical Temple
  5681 | D:7      | Learned a level 2 spell: Searing Ray
  5975 | D:7      | Gained mutation: You have a pair of large horns on your
                  | head. [demonic ancestry]
  5975 | D:7      | Reached XP level 10. HP: 54/65 MP: 7/22
  6653 | D:8      | Found a snail-covered altar of Cheibriados.
  6886 | D:8      | Found a basalt altar of Yredelemnul.
  6895 | D:8      | Found a flagged portal.
  6907 | Bailey   | Entered a bailey
  7025 | Bailey   | Noticed an orc knight
  7047 | Bailey   | Killed an orc knight
  7859 | D:9      | Reached XP level 11. HP: 72/72 MP: 18/24
  8229 | D:9      | Found a sacrificial altar of Ru.
  8386 | D:9      | Found an iron altar of Okawaru.
  8388 | D:9      | Found a radiant altar of Vehumet.
  8399 | D:9      | Became a worshipper of Vehumet
  8670 | D:10     | Entered Level 10 of the Dungeon
  8673 | D:10     | Noticed a two-headed ogre
  8681 | D:10     | Killed a two-headed ogre
  8682 | D:10     | Reached skill level 10 in Spellcasting
  8711 | D:10     | Identified the +1 robe "Ripygh" {Regen+ Dex+2}
  8765 | D:10     | Noticed a death yak
  8772 | D:10     | Noticed a death yak
  8774 | D:10     | Noticed a death yak
  8783 | D:10     | Killed a death yak
  8790 | D:10     | Killed a death yak
  8791 | D:10     | Reached skill level 10 in Fire Magic
  8798 | D:10     | Killed a death yak
  8933 | D:10     | Reached * piety under Vehumet
  8933 | D:10     | Offered knowledge of Freeze by Vehumet.
  8990 | D:10     | Identified the +8 long sword of Circularity {vorpal, rPois}
  8991 | D:10     | Noticed Josephine
  9014 | D:10     | Killed Josephine
  9184 | D:10     | Found a staircase to the Lair.
  9416 | D:11     | Gained mutation: When seriously injured, your blood forms
                  | armour. (AC +6) [demonic ancestry]
  9416 | D:11     | Reached XP level 12. HP: 61/79 MP: 18/27
  9524 | D:11     | Noticed a boulder beetle
  9556 | D:11     | Killed a boulder beetle
  9840 | D:12     | Reached skill level 1 in Evocations
  9908 | D:12     | Reached ** piety under Vehumet
  9908 | D:12     | Offered knowledge of Kiss of Death by Vehumet.
 10118 | D:12     | Slain by a skeletal warrior

Illustrated notes

Levels and vault maps discovered:
D:1:      psy_arrival_conway, layout_rooms, minmay_misc_feat_rows
D:2:      layout_loops_corners, chequers_jeans
D:3:      layout_loops_ring, uniq_sigmund, uniq_robin
D:4:      dreamdust_elfheim, layout_basic, nicolae_elyvilon_temple_path
D:5:      layout_cave_pools, mainiacjoe_overflow_boulevard, serial_shops,
          nicolae_shop_hallway_plus, uniq_ijyb
D:6:      minmay_diamond_boxcup, layout_cave_pods,
          nicolae_dithmenos_the_darkroom, temple_green,
          nicolae_fountain_basement, uniq_duvessa, uniq_pikel, uniq_grinder,
          uniq_menkaure
D:7:      layout_basic, nicolae_tso_swordbearing_angel
D:8:      kennysheep_spiral_hall, layout_rooms, slow_altar_1, kennysheep_mini,
          enter_bailey_5, nicolae_concentric_dashed_squares_wild,
          chequers_serial_rivers_large_a, minmay_misc_feat_x
D:9:      layout_basic, minitemple, lemuel_crystal_altar
D:10:     layout_rooms, dpeg_lair_monsters, uniq_josephine
D:11:     minmay_shrinking_squares, layout_cave_pools, minmay_circle_x
D:12:     layout_loops_corners, orc_0_dummy
Temple:   hellmonk_temple_forest_ring

Skill      XL: |  1  2  3  4  5  6  7  8  9 10 11 12 |
---------------+-------------------------------------+-----
Fire Magic     | 3 4 5 6 7 8 9 10 11 | 11.3
Dodging        | 2 3 4 |  4.1
Spellcasting   | 3 4 5 6 8 9 11 | 11.8
Conjurations   | 2 3 4 5 6 7 8 |  8.5
Armour         | 1 2 3 |  3.8
Short Blades   | 1 2 |  2.3
Shields        | 1 2 |  2.0
Fighting       | 1 2 |  2.5
Evocations     | 1 |  1.6
Stealth        | |  1.7

Action                   |  1- 3 |  4- 6 |  7- 9 | 10-12 || total
-------------------------+-------+-------+-------+-------++-------
Melee: Unarmed           |     8 |       |       |       ||     8
       Dagger            |       |    26 |    25 |    36 ||    87
       Headbutt          |       |     3 |     4 |     5 ||    12
 Cast: Foxfire           |    67 |    68 |   141 |   256 ||   532
       Scorch            |     6 |    22 |    44 |    57 ||   129
       Flame Wave        |       |       |     3 |    45 ||    48
       Searing Ray       |       |       |       |     1 ||     1
Evoke: Wand              |       |       |       |    10 ||    10
  Use: Potion            |     1 |     1 |     1 |       ||     3
       Scroll            |       |       |    15 |     6 ||    21
 Stab: Invisible         |       |       |       |     1 ||     1
Armor: Robe              |     4 |    15 |     2 |       ||    21
       Leather armour    |       |       |    15 |    29 ||    44
Dodge: Dodged            |    20 |    30 |    32 |    86 ||   168
Block: Other             |       |    10 |    19 |    19 ||    48
       Reflection        |       |       |       |     3 ||     3

Table legend: (Time is in decaauts)
 A = Elapsed time spent in this place.
 B = Non-inter-level travel time spent in this place.
 C = Inter-level travel time spent in this place.
 D = Time resting spent in this place.
 E = Time spent auto-exploring this place.
 F = Levels seen in this place.
 G = Mean time per level.
                   A        B        C        D        E       F      G
               +--------+--------+--------+--------+--------+-----+--------+
         Total |  10107 |   9823 |    284 |    281 |   7445 |  14 |  721.9 |
       Dungeon |   9394 |   9122 |    272 |    258 |   7226 |  12 |  782.8 |
        Temple |    184 |    172 |     12 |      0 |    145 |   1 |  184.0 |
        Bailey |    528 |    528 |      0 |     23 |     74 |   1 |  528.0 |
               +--------+--------+--------+--------+--------+-----+--------+

Top non-repeatable levels by time:
     D:2: 1104 daAuts
     D:3: 1089 daAuts
     D:6: 1008 daAuts
     D:1: 963 daAuts
     D:7: 891 daAuts
     D:9: 863 daAuts
     D:5: 713 daAuts
     D:8: 707 daAuts
     D:4: 606 daAuts
    D:11: 585 daAuts
    D:10: 575 daAuts
  Bailey: 528 daAuts
    D:12: 285 daAuts
  Temple: 184 daAuts
